[Event "Qatar Masters-B 2024"]
[Site "Doha"]
[Date "2024.12.09"]
[Round "6.1"]
[White "Syed Abdul Khader"]
[Black "Shermuhammadov, Samandar"]
[Result "0-1"]
[ECO "B07"]
[WhiteElo "1943"]
[BlackElo "2108"]
[Annotator "NA RC"]
[PlyCount "94"]
[EventDate "2024.11.24"]
[EventType "swiss"]
[EventCountry "QAT"]
[SourceTitle "playchess.com"]
[Source "ChessBase"]
[SourceQuality "1"]
[TimeControl "40/5400+30:1800+30"]

1. e4 d6 2. d4 Nf6 3. Nc3 g6 4. Bg5 Bg7 5. Qd2 O-O 6. O-O-O c6 7. Bd3 e5 8. d5 c5 9. h4 a6 10. h5 b5 11. f3 c4 12. Bf1 b4 13. Nb1 c3 14. Qe3 cxb2+ 15. Kxb2 Nbd7 16. g4 Nc5 17. Ne2 Qb6 18. Ka1 a5 19. Nd2 a4 20. Nc4 Qc7 21. Ng3 b3 22. c3 bxa2 23. Bh6 Rb8 24. Bxg7 Kxg7 25. Be2 Qa7 26. Kxa2 a3 27. hxg6 fxg6 28. Rb1 Rb2+ 29. Rxb2 axb2+ 30. Kxb2 Bd7 31. Rb1 Bb5 32. Ra1 Qb8 33. Rb1 Bxc4+ 34. Kc1 Qa7 35. Kd1 Bxe2+ 36. Qxe2 Rb8 37. Rxb8 Qxb8 38. Qd2 Qb3+ 39. Ke2 Qc4+ 40. Kf2 Nd3+ 41. Kg2 Nf4+ 42. Kh2 h5 43. g5 Nh7 44. Qf2 h4 45. Qa7+ Kg8 46. Qb8+ Nf8 47. Qxd6 Qa2+ 0-1

[Event "Qatar Masters-B 2024"]
[Site "Doha"]
[Date "2024.12.09"]
[Round "6.2"]
[White "Alhassadi, Yousef A."]
[Black "Mahmood Lodhi"]
[Result "1-0"]
[ECO "C45"]
[WhiteElo "2126"]
[BlackElo "2150"]
[Annotator "RC"]
[PlyCount "113"]
[EventDate "2024.11.24"]
[EventType "swiss"]
[EventCountry "QAT"]
[SourceTitle "playchess.com"]
[Source "ChessBase"]
[SourceQuality "1"]
[TimeControl "40/5400+30:1800+30"]

1. e4 e5 2. Nf3 Nc6 3. d4 exd4 4. Nxd4 Bc5 5. Nb3 Bb4+ 6. c3 Be7 7. f4 d6 8. N1d2 Nf6 9. Bd3 O-O 10. O-O a5 11. a4 Re8 12. Qc2 Bf8 13. Nf3 g6 14. Bd2 Bg7 15. Rae1 Nd7 16. Kh1 Nb6 17. Nbd4 Bd7 18. b3 Bg4 19. Be3 Bxf3 20. Nxf3 Nd7 21. Bc4 Nf6 22. Bg1 Ne7 23. Rd1 c6 24. Ng5 d5 25. e5 Nd7 26. e6 fxe6 27. Nxe6 Qc8 28. Nxg7 Kxg7 29. Bd3 Nf6 30. f5 g5 31. Rde1 Neg8 32. Qd2 h6 33. h4 g4 34. Qf4 Qb8 35. Rxe8 Qxf4 36. Rxg8+ Rxg8 37. Rxf4 Re8 38. Bd4 h5 39. Rf1 Kf7 40. Kh2 Nd7 41. f6 c5 42. Bg1 b6 43. Bb5 Rd8 44. b4 axb4 45. cxb4 cxb4 46. Bxd7 Rxd7 47. Bxb6 Rd6 48. a5 d4 49. Bc5 Rd5 50. Bxb4 Rb5 51. Bd2 Rb2 52. Ra1 Kxf6 53. Bf4 Rb7 54. a6 Ra7 55. Bb8 Ra8 56. a7 Ke6 57. Ra5 1-0

[Event "Qatar Masters-B 2024"]
[Site "Doha"]
[Date "2024.12.09"]
[Round "6.3"]
[White "Boulrens, Ala Eddine"]
[Black "Hong, Mingren"]
[Result "0-1"]
[ECO "B22"]
[WhiteElo "2144"]
[BlackElo "1951"]
[Annotator "NA RC"]
[PlyCount "140"]
[EventDate "2024.11.24"]
[EventType "swiss"]
[EventCountry "QAT"]
[SourceTitle "playchess.com"]
[Source "ChessBase"]
[SourceQuality "1"]
[TimeControl "40/5400+30:1800+30"]

1. e4 c5 2. c3 Nf6 3. e5 Nd5 4. Nf3 e6 5. d4 cxd4 6. cxd4 d6 7. Bc4 Nc6 8. Qe2 Be7 9. O-O O-O 10. Qe4 Ndb4 11. exd6 Qxd6 12. Nc3 Na5 13. b3 Nxc4 14. bxc4 Qc7 15. d5 exd5 16. Nxd5 Nxd5 17. cxd5 Bf6 18. Bf4 Qd7 19. Be5 Qg4 20. Rfe1 Re8 21. Qd3 Bf5 22. Qb5 a6 23. Qb3 Be4 24. h3 Qf5 25. Rxe4 Qxe4 26. Bxf6 gxf6 27. Rd1 b5 28. Rd4 Qf5 29. Rg4+ Kh8 30. d6 Qe6 31. Qd3 Rg8 32. Rh4 Rg7 33. g3 Rd8 34. Re4 Qxd6 35. Qe3 Rdg8 36. Kg2 a5 37. Nh4 Qc6 38. Kh2 Rg5 39. Rf4 Re5 40. Qa7 Re4 41. Rxe4 Qxe4 42. Qxa5 Qd4 43. Qe1 Qe5 44. Qb4 Rd8 45. a4 Qd4 46. Qxd4 Rxd4 47. axb5 Rd5 48. g4 Rxb5 49. Kg3 Rb4 50. Nf5 Kg8 51. h4 Kf8 52. f3 Ke8 53. Ne3 Rd4 54. Nf5 Ra4 55. h5 Kd7 56. Nh4 Ke6 57. Nf5 Ra5 58. Nh4 f5 59. gxf5+ Rxf5 60. Kg4 Ra5 61. f4 h6 62. Nf3 f5+ 63. Kg3 Ra3 64. Kh4 Kd5 65. Nd4 Ra4 66. Ne2 Re4 67. Nc3+ Kd4 68. Nb5+ Ke3 69. Nd6 Rxf4+ 70. Kh3 Rf1 0-1

[Event "Qatar Masters-B 2024"]
[Site "Doha"]
[Date "2024.12.09"]
[Round "6.4"]
[White "Maraimov, Khudoyor"]
[Black "Araoune, Saadi"]
[Result "1/2-1/2"]
[ECO "B10"]
[WhiteElo "1832"]
[BlackElo "2085"]
[Annotator "NA RC"]
[PlyCount "77"]
[EventDate "2024.11.24"]
[EventType "swiss"]
[EventCountry "QAT"]
[SourceTitle "playchess.com"]
[Source "ChessBase"]
[SourceQuality "1"]
[TimeControl "40/5400+30:1800+30"]

1. e4 c6 2. Nf3 d5 3. d3 Bg4 4. Nbd2 e6 5. Be2 Nf6 6. O-O Be7 7. c3 O-O 8. h3 Bh5 9. Ne5 Bxe2 10. Qxe2 Nbd7 11. d4 Nxe5 12. dxe5 Nxe4 13. Nxe4 dxe4 14. Qxe4 Qd5 15. Qxd5 cxd5 16. Be3 Rfc8 17. Rfd1 b5 18. Kf1 a6 19. Ke2 Rc4 20. Rd4 Rb8 21. Rc1 f6 22. f4 Rbc8 23. Rcd1 fxe5 24. fxe5 h5 25. Rxc4 bxc4 26. Bd4 Rb8 27. Rb1 a5 28. b3 Kh7 29. Kd2 Kg6 30. Kc2 Bh4 31. Rf1 Bg3 32. Rf3 h4 33. Rf1 Rb7 34. Rf8 cxb3+ 35. axb3 Kg5 36. Be3+ Kg6 37. Bd4 Kg5 38. Be3+ Kg6 39. Bd4 1/2-1/2

[Event "Qatar Masters-B 2024"]
[Site "Doha"]
[Date "2024.12.09"]
[Round "6.5"]
[White "Akhmediyar, Yernur"]
[Black "Albin Sajan"]
[Result "1-0"]
[ECO "D35"]
[WhiteElo "1898"]
[BlackElo "1804"]
[Annotator "NA COMBH"]
[PlyCount "93"]
[EventDate "2024.11.24"]
[EventType "swiss"]
[EventCountry "QAT"]
[SourceTitle "playchess.com"]
[Source "ChessBase"]
[SourceQuality "1"]
[TimeControl "40/5400+30:1800+30"]

1. c4 e6 2. Nc3 d5 3. d4 Be7 4. Bf4 Nf6 5. e3 O-O 6. c5 b6 7. b4 c6 8. h3 bxc5 9. bxc5 Qa5 10. Qd2 Ba6 11. Nf3 Nbd7 12. Nxd5 Qxd2+ 13. Kxd2 Nxd5 14. Bxa6 Nxf4 15. exf4 Rfd8 16. Kc2 Rab8 17. Rab1 Rxb1 18. Rxb1 Rb8 19. Bb7 f6 20. Bxc6 Rxb1 21. Kxb1 Nxc5 22. dxc5 Bxc5 23. Bb5 Kf8 24. Kc2 Bxf2 25. Kd3 Bb6 26. Bc4 Ke7 27. Nd4 f5 28. Nxe6 g6 29. Ng5 Bc7 30. Ke3 h6 31. Nf7 h5 32. Ne5 g5 33. Kf3 gxf4 34. Ng6+ Kd6 35. Nxf4 h4 36. Ng6 Bd8 37. Kf4 Kc5 38. Be6 Kd4 39. Bxf5 a5 40. Kg4 a4 41. Nxh4 a3 42. Nf3+ Kc3 43. h4 Kb2 44. Be6 Ka1 45. h5 Bf6 46. Kf5 Bb2 47. g4 1-0

[Event "Qatar Masters-B 2024"]
[Site "Doha"]
[Date "2024.12.09"]
[Round "6.6"]
[White "Alhejab, Meshal"]
[Black "Khalil, Manar"]
[Result "0-1"]
[ECO "B23"]
[WhiteElo "1832"]
[BlackElo "1900"]
[Annotator "NA RC"]
[PlyCount "57"]
[EventDate "2024.11.24"]
[EventType "swiss"]
[EventCountry "QAT"]
[SourceTitle "playchess.com"]
[Source "ChessBase"]
[SourceQuality "1"]
[TimeControl "40/5400+30:1800+30"]

1. e4 c5 2. Nc3 Nc6 3. Bb5 g6 4. Bxc6 dxc6 5. d3 Bg7 6. Be3 b6 7. Qd2 h6 8. a4 a5 9. Nge2 e5 10. f4 Nf6 11. h3 exf4 12. Nxf4 g5 13. Nfe2 Qe7 14. O-O-O Be6 15. d4 O-O-O 16. Qe1 Nxe4 17. Nxe4 Bd5 18. dxc5 Qxe4 19. Rd3 Rhe8 20. cxb6 Kb7 21. Ng3 Qxa4 22. Ra3 Qb5 23. b4 a4 24. Nf5 Bf6 25. Rf1 Bc4 26. Rf2 Qe5 27. c3 Rd3 28. Rc2 Qxf5 29. Qg3 0-1

[Event "Qatar Masters-B 2024"]
[Site "Doha"]
[Date "2024.12.09"]
[Round "6.7"]
[White "Demirkol, Kerim Calvelo"]
[Black "Aryan Mehta"]
[Result "0-1"]
[ECO "E68"]
[WhiteElo "1859"]
[BlackElo "1762"]
[Annotator "NA COMBH"]
[PlyCount "80"]
[EventDate "2024.11.24"]
[EventType "swiss"]
[EventCountry "QAT"]
[SourceTitle "playchess.com"]
[Source "ChessBase"]
[SourceQuality "1"]
[TimeControl "40/5400+30:1800+30"]

1. d4 Nf6 2. c4 g6 3. Nc3 Bg7 4. g3 O-O 5. Bg2 d6 6. Nf3 Nbd7 7. e4 e5 8. O-O a6 9. d5 b5 10. cxb5 axb5 11. b4 Bb7 12. Bg5 h6 13. Bxf6 Nxf6 14. Ne1 c5 15. dxc6 Bxc6 16. Nc2 Qc7 17. Qd3 Qb7 18. a4 bxa4 19. b5 Bd7 20. Rfb1 Rfc8 21. Ne3 Rc5 22. Bf1 Rxc3 23. Qxc3 Nxe4 24. Qb4 d5 25. Bg2 f5 26. Rd1 Be6 27. Bxe4 fxe4 28. Qd6 Qf7 29. Nxd5 Bf8 30. Qc6 Rc8 31. Ne7+ Bxe7 32. Qxe4 Bc5 33. Rd2 Rf8 34. Qc2 Bd4 35. Rf1 Bc4 36. Rb1 Bb3 37. Qd3 Bxf2+ 38. Kg2 Qb7+ 39. Kh3 Be6+ 40. Kh4 Rf4# 0-1

[Event "Qatar Masters-B 2024"]
[Site "Doha"]
[Date "2024.12.09"]
[Round "6.8"]
[White "Abdulrahim, Salem"]
[Black "Amulya Guruprasad"]
[Result "1/2-1/2"]
[ECO "B92"]
[WhiteElo "1858"]
[BlackElo "1718"]
[Annotator "NA COMBH"]
[PlyCount "140"]
[EventDate "2024.11.24"]
[EventType "swiss"]
[EventCountry "QAT"]
[SourceTitle "playchess.com"]
[Source "ChessBase"]
[SourceQuality "1"]
[TimeControl "40/5400+30:1800+30"]

1. e4 c5 2. Nf3 d6 3. d4 cxd4 4. Nxd4 Nf6 5. Nc3 a6 6. Be2 e5 7. Nb3 Be6 8. O-O b5 9. Bg5 Be7 10. Bxf6 Bxf6 11. Bg4 O-O 12. Nd5 Nd7 13. h3 Bxd5 14. Qxd5 Nb6 15. Qd3 Nc4 16. Rab1 Bg5 17. Rfd1 Qc7 18. Nc1 Bxc1 19. Rdxc1 g6 20. b3 Na5 21. h4 Nc6 22. c4 b4 23. c5 Nd4 24. c6 a5 25. Bd7 Rab8 26. Rc4 Nb5 27. Rd1 Rfd8 28. h5 Rxd7 29. cxd7 Qxd7 30. h6 Qe7 31. Rdc1 Qf8 32. Qh3 f5 33. Qd3 Qxh6 34. Rc8+ Kg7 35. Qd5 Qg5 36. exf5 Rxc8 37. Rxc8 Nc3 38. Rg8+ Kh6 39. Qf3 Qxf5 40. Qe3+ Qg5 41. Qh3+ Qh5 42. Qe3+ Qg5 43. Qh3+ Qh5 44. Qe3+ Qg5 45. Qh3+ Qh5 46. Qxh5+ Kxh5 47. Ra8 Nxa2 48. Rxa5 Nc3 49. Kf1 Kg4 50. Ke1 d5 51. Ra7 h5 52. Rb7 h4 53. Rxb4+ d4 54. Rc4 g5 55. b4 Kf5 56. Rc5 g4 57. b5 h3 58. gxh3 gxh3 59. Kf1 Na4 60. Rc4 Nb6 61. Rc6 Nd5 62. Rd6 Ke4 63. Ke2 Nc3+ 64. Ke1 Nxb5 65. Rh6 Nc3 66. Rh4+ Kf3 67. Rxh3+ Kg4 68. Rh8 Nd5 69. Re8 Kf4 70. Ke2 Nb4 1/2-1/2

[Event "Qatar Masters-B 2024"]
[Site "Doha"]
[Date "2024.12.09"]
[Round "6.9"]
[White "Zozek Salah Mohammed"]
[Black "Ashwath Narayanan P"]
[Result "1-0"]
[ECO "E05"]
[WhiteElo "2206"]
[BlackElo "1760"]
[Annotator "RC"]
[PlyCount "97"]
[EventDate "2024.11.24"]
[EventType "swiss"]
[EventCountry "QAT"]
[SourceTitle "playchess.com"]
[Source "ChessBase"]
[SourceQuality "1"]
[TimeControl "40/5400+30:1800+30"]

1. d4 Nf6 2. Nf3 d5 3. c4 e6 4. g3 Be7 5. Bg2 O-O 6. O-O dxc4 7. Qc2 a6 8. Qxc4 Bd7 9. Nc3 Bc6 10. Qd3 Nbd7 11. Rd1 b5 12. a3 Bb7 13. b4 Nb6 14. Ne5 Nbd5 15. Nxd5 Nxd5 16. e4 Nf6 17. Bf4 a5 18. d5 axb4 19. Qxb5 Ba6 20. Qc6 exd5 21. axb4 Be2 22. Rxa8 Qxa8 23. Re1 Qa2 24. exd5 Bxb4 25. Rc1 Bd6 26. Nd7 Nxd7 27. Bxd6 cxd6 28. Qxd7 Qa6 29. h4 g6 30. Qe7 Bd3 31. Qf6 Qb6 32. Rc6 Qd8 33. Qf4 Re8 34. Rxd6 Qb8 35. Qf6 Bf5 36. Kh2 Qa7 37. h5 Qe7 38. Qxe7 Rxe7 39. h6 f6 40. Rxf6 Rf7 41. Rb6 Kf8 42. f4 Re7 43. Rb8+ Kf7 44. Rh8 Kf6 45. Bf3 Re3 46. Kg2 Re7 47. g4 Bxg4 48. Bxg4 g5 49. d6 1-0

[Event "Qatar Masters-B 2024"]
[Site "Doha"]
[Date "2024.12.09"]
[Round "6.10"]
[White "Buirzayqah, Mohammed"]
[Black "Achour, Mohamed Anis"]
[Result "0-1"]
[ECO "D05"]
[WhiteElo "1864"]
[BlackElo "2051"]
[Annotator "NA RC"]
[PlyCount "80"]
[EventDate "2024.11.24"]
[EventType "swiss"]
[EventCountry "QAT"]
[SourceTitle "playchess.com"]
[Source "ChessBase"]
[SourceQuality "1"]
[TimeControl "40/5400+30:1800+30"]

1. d4 d5 2. Nf3 Nf6 3. e3 e6 4. Bd3 b6 5. Nbd2 Bb7 6. Ne5 Be7 7. O-O O-O 8. f4 Ne4 9. f5 exf5 10. Rxf5 g6 11. Rf1 f6 12. Ng4 Nd7 13. Nxe4 dxe4 14. Bc4+ Kg7 15. b3 f5 16. Nf2 Bd6 17. Nh3 Nf6 18. Bb2 Qe7 19. Qe1 Rae8 20. a3 Bc8 21. Kh1 Ng4 22. g3 g5 23. Rg1 Qf6 24. Rg2 Qh6 25. Nf2 Nf6 26. Qd2 Bb7 27. Kg1 Kh8 28. d5 Kg8 29. h4 gxh4 30. gxh4+ Kf7 31. Nh3 Qxh4 32. Ng5+ Ke7 33. Rf1 Bc8 34. Qd4 Kd8 35. Ne6+ Bxe6 36. dxe6 Kc8 37. Ba6+ Kb8 38. Qc4 Rg8 39. Qe2 Qh2+ 40. Kf2 Rxg2+ 0-1

[Event "Qatar Masters-B 2024"]
[Site "Doha"]
[Date "2024.12.09"]
[Round "6.11"]
[White "Khalifa Essa, Albalooshi"]
[Black "Abdulazizov, Asilbek"]
[Result "1/2-1/2"]
[ECO "A34"]
[WhiteElo "2050"]
[BlackElo "1691"]
[Annotator "NA RC"]
[PlyCount "94"]
[EventDate "2024.11.24"]
[EventType "swiss"]
[EventCountry "QAT"]
[SourceTitle "playchess.com"]
[Source "ChessBase"]
[SourceQuality "1"]
[TimeControl "40/5400+30:1800+30"]

1. d4 d5 2. c4 e6 3. Nc3 Nf6 4. Nf3 c5 5. cxd5 Nxd5 6. e4 cxd4 7. Qxd4 Nxc3 8. Qxc3 Nc6 9. Bb5 Qb6 10. a4 a6 11. Bxc6+ Qxc6 12. Qxc6+ bxc6 13. a5 Bb7 14. Be3 Bb4+ 15. Ke2 c5 16. Rhc1 Rc8 17. Bd2 Bxd2 18. Nxd2 Ke7 19. Ke3 Rhd8 20. Rc3 Rd4 21. Rac1 Rb4 22. b3 Rb5 23. Nc4 Rb8 24. Rd3 Bc6 25. Rcc3 Rb4 26. e5 R8b5 27. Rd6 Rxb3 28. Rxb3 Rxb3+ 29. Kd2 Bb5 30. Nb6 Rb2+ 31. Kc3 Ra2 32. Nc8+ Ke8 33. Rb6 Rxa5 34. Nd6+ Ke7 35. Rb7+ Bd7 36. Nc8+ Kd8 37. Nb6 Be8 38. Nc4 Ra2 39. Nd6 Bd7 40. Nxf7+ Ke7 41. Nd6 Kd8 42. Nf7+ Ke7 43. Nd6 Kd8 44. Nf7+ Ke7 45. Nd6 Rxf2 46. Ne4 Rf1 47. Nxc5 Rd1 1/2-1/2

[Event "Qatar Masters-B 2024"]
[Site "Doha"]
[Date "2024.12.09"]
[Round "6.12"]
[White "Akramov, Khasan"]
[Black "Adeimi, Michel"]
[Result "0-1"]
[ECO "E01"]
[WhiteElo "1835"]
[BlackElo "2004"]
[Annotator "NA RC"]
[PlyCount "62"]
[EventDate "2024.11.24"]
[EventType "swiss"]
[EventCountry "QAT"]
[SourceTitle "playchess.com"]
[Source "ChessBase"]
[SourceQuality "1"]
[TimeControl "40/5400+30:1800+30"]

1. c4 e6 2. g3 d5 3. d4 Nf6 4. Bg2 a6 5. Nf3 Bb4+ 6. Bd2 Bxd2+ 7. Nbxd2 O-O 8. O-O Nc6 9. Qc2 Re8 10. Rfd1 Qe7 11. e4 dxe4 12. Nxe4 e5 13. d5 Bf5 14. Nh4 Bxe4 15. Bxe4 Nd4 16. Nf5 Nxf5 17. Bxf5 e4 18. Re1 Qe5 19. Bh3 Re7 20. Bg2 Rae8 21. Re3 b5 22. Rae1 Qd4 23. cxb5 axb5 24. Rd1 Qa7 25. Qe2 g6 26. h3 Qb7 27. d6 cxd6 28. Rxd6 Kg7 29. Qd2 Re5 30. Qd4 R8e6 31. Rxe6 Rxe6 0-1

[Event "Qatar Masters-B 2024"]
[Site "Doha"]
[Date "2024.12.09"]
[Round "6.13"]
[White "Balanandan Ayyappan"]
[Black "Sawan, Eman"]
[Result "1-0"]
[ECO "D02"]
[WhiteElo "1779"]
[BlackElo "2065"]
[Annotator "NA RC"]
[PlyCount "93"]
[EventDate "2024.11.24"]
[EventType "swiss"]
[EventCountry "QAT"]
[SourceTitle "playchess.com"]
[Source "ChessBase"]
[SourceQuality "1"]
[TimeControl "40/5400+30:1800+30"]

1. d4 Nf6 2. Nc3 d5 3. Bf4 Bf5 4. e3 e6 5. Nf3 Bd6 6. Ne5 Nbd7 7. Be2 h5 8. Bd3 Bxd3 9. cxd3 Bxe5 10. dxe5 Ng4 11. d4 g5 12. Bg3 Qe7 13. h3 Nh6 14. Qxh5 O-O-O 15. O-O-O Nf5 16. Qf3 Nb6 17. Kb1 Kb8 18. Ka1 Qb4 19. a3 Qb3 20. Qe2 Nc4 21. Rd3 Qb6 22. Rc1 Qa6 23. Qc2 Nb6 24. Na2 Rc8 25. Rc3 Nc4 26. Nb4 Qa5 27. Nd3 Nxg3 28. fxg3 Nxe3 29. Qf2 Nc4 30. Nc5 Ka8 31. Qxf7 Rce8 32. Nxe6 Qb6 33. Nxc7+ Kb8 34. Rxc4 dxc4 35. Nxe8 Qc6 36. Nd6 b5 37. d5 Qb6 38. Qd7 a6 39. Qc6 Qxc6 40. dxc6 Kc7 41. Re1 Kxc6 42. Nf7 Re8 43. h4 gxh4 44. gxh4 a5 45. h5 b4 46. h6 c3 47. bxc3 1-0

[Event "Qatar Masters-B 2024"]
[Site "Doha"]
[Date "2024.12.09"]
[Round "6.14"]
[White "Mua, Nasrudin"]
[Black "Wazwaz, Amjad"]
[Result "0-1"]
[ECO "B11"]
[WhiteElo "1717"]
[BlackElo "1956"]
[Annotator "NA RC"]
[PlyCount "112"]
[EventDate "2024.11.24"]
[EventType "swiss"]
[EventCountry "QAT"]
[SourceTitle "playchess.com"]
[Source "ChessBase"]
[SourceQuality "1"]
[TimeControl "40/5400+30:1800+30"]

1. e4 c6 2. Nf3 d5 3. Nc3 Bg4 4. exd5 cxd5 5. Bb5+ Nc6 6. h3 Bxf3 7. Qxf3 e6 8. O-O Bd6 9. Re1 Nge7 10. Qh5 O-O 11. Bd3 g6 12. Qg5 Rc8 13. b3 Nb4 14. Bb2 Nxd3 15. cxd3 Nf5 16. Qg4 Bb8 17. g3 h5 18. Qf3 Nd4 19. Qe3 e5 20. Rac1 Qd7 21. Kg2 Rc6 22. Qg5 Ne6 23. Qh6 Ng7 24. Na4 Rxc1 25. Rxc1 d4 26. Nc5 Qd5+ 27. Ne4 Nf5 28. Qg5 Bd6 29. f3 Be7 30. Nf6+ Bxf6 31. Qxf6 Qa5 32. Rc2 Qxa2 33. Qxe5 Qxb3 34. Qc5 Qxd3 35. Qc4 Qxc4 36. Rxc4 Rd8 37. g4 hxg4 38. hxg4 Ng7 39. Rc7 Ne6 40. Rxb7 Rc8 41. Ba3 a6 42. Kf2 Rc2 43. Ke1 Kg7 44. Be7 Rc7 45. Rxc7 Nxc7 46. Bd8 Ne6 47. Bb6 Kf6 48. Ba7 Ke5 49. Bb8+ Kd5 50. Kd1 d3 51. Ke1 a5 52. f4 f5 53. gxf5 gxf5 54. Be5 Ke4 55. Bc3 a4 56. Kf2 Nxf4 0-1